 Dungeon Crawl Stone Soup version coffee-0.2.0 (webtiles) character file.

Game seed: 12131613240410126793, levelgen mode: deterministic

51 Dorkslayer the Conjurer (level 3, -1/26 HPs)
             Began as a Demigod Conjurer on Oct 4, 2020.
             Slain by a crimson imp (2 damage)
             ... on level 2 of the Dungeon.
             The game lasted 00:04:30 (1158 turns).

Dorkslayer the Conjurer (Demigod Conjurer)          Turns: 1158, Time: 00:04:30

Health: -1/26      AC:  2    Str: 11    XL:     3   Next: 36%
Magic:  1/8        EV: 13    Int: 21    God:
Gold:   20         SH:  0    Dex: 16    Spells: 5/6 levels left

rFire    . . .     SeeInvis .   b - +0 spear
rCold    + . .     Gourm    .   (no shield)
rNeg     . . .     Faith    .   a - +0 robe
rPois    .         Spirit   .   (no helmet)
rElec    .         Reflect  .   (no cloak)
rCorr    .         Harm     .   (no gloves)
MR       .....                  (no boots)
Stlth    ++........             (no amulet)
HPRegen  0.08/turn              f - ring of protection from cold
MPRegen  0.11/turn              (no ring)

@: no status effects
A: high mp 1
a: no special abilities


You were on level 2 of the Dungeon.
You were not hungry.

You visited 1 branch of the dungeon, and saw 2 of its levels.

You collected 20 gold pieces.

Inventory:

Hand Weapons
 b - a +0 spear (weapon)
Armour
 a - a +0 robe (worn)
Jewellery
 f - a ring of protection from cold (left hand)
Scrolls
 g - a scroll of amnesia
Potions
 d - a potion of resistance
 e - a potion of mutation
Comestibles
 c - a ration


   Skills:
 + Level 1.9(2.8) Dodging
 + Level 2.1(3.1) Stealth
 + Level 2.1(2.7) Spellcasting
 + Level 4.5 Conjurations


You had 5 spell levels left.
You knew the following spells:

 Your Spells              Type           Power        Failure   Level  Hunger
a - Magic Dart            Conj           ###.         2%          1    None

Your spell library contained the following spells:

 Spells                   Type           Power        Failure   Level  Hunger
 Searing Ray              Conj           ###...       3%          2    ##.....
 Dazzling Flash           Conj/Hex       ###...       10%         3    ###....
 Fulminant Prism          Conj/Hex       ###.......   30%         4    ####...
 Iskenderun's Mystic Bla  Conj/Tloc      ###.....     30%         4    ####...


Dungeon Overview and Level Annotations

Branches:
Dungeon (2/10)
 Temple: D:2

Shops:
D:1 [


Innate Abilities, Weirdness & Mutations

You have an increased reservoir of magic. (+10% MP)


Message History

You hit the crimson imp but do no damage.
The crimson imp is moderately wounded.
The crimson imp barely misses you.
You hit the crimson imp.
The crimson imp is heavily wounded.
The crimson imp hits you.
* * * LOW HITPOINT WARNING * * *
You barely miss the crimson imp.
The crimson imp is heavily wounded.
The crimson imp completely misses you.
You closely miss the crimson imp.
The crimson imp is moderately wounded.
The crimson imp hits you.
* * * LOW HITPOINT WARNING * * *
You barely miss the crimson imp.
The crimson imp is moderately wounded.
The crimson imp blinks!
You see here a dart slug corpse.
You miss the crimson imp. The crimson imp hits you.
You die...

##. .## (. ..#
#.##.# #..#.# #
.#######.#.## .
............##
#######.#....####
#..#..5...(#
##.##..@....# ###
#.5##.......# ..#
#.###.......#
#.#### #.#
#.......# .....##
#.# #......(#
.###..## #.#
#########
..###..###.#
#..###ยง....#
##.# ####..##


You could see a crimson imp.

Vanquished Creatures
  A gnoll (D:1)
  2 adders (D:1)
  2 dart slugs (D:2)
  A leopard gecko (D:1)
  3 bats (D:1)
  A giant cockroach (D:1)
  2 goblins (D:1)
  3 hobgoblins
  3 frilled lizards (D:1)
  2 kobolds (D:2)
20 creatures vanquished.

Notes
Turn   | Place    | Note
-------+----------+-------------------------------------------
     0 | D:1      | Dorkslayer the Demigod Conjurer began the quest for the
                  | Orb.
     0 | D:1      | Reached XP level 1. HP: 14/14 MP: 5/5
    44 | D:1      | Got the ring "Raedwon" {+Fly Str+10 Slay-5}
   251 | D:1      | Found Zanlatow's Antique Armour Emporium.
   512 | D:1      | Reached skill level 4 in Conjurations
   512 | D:1      | Reached XP level 2. HP: 17/20 MP: 1/7
   867 | D:1      | Reached XP level 3. HP: 12/26 MP: 5/8
  1071 | D:2      | Found a faded altar of an unknown god.
  1153 | D:2      | HP: 1/26 [crimson imp (2)]
  1158 | D:2      | Slain by a crimson imp

Levels and vault maps discovered:
D:1:      tarquinn_simple_flora_water_f, layout_basic, serial_shops, shop
D:2:      layout_rooms, gammafunk_temple_overflow_wave,
          lemuel_temple_firewalk_b, chequers_ecumenical_altar_simple_redux,
          lemuel_statue_altar

Skill      XL: |  1  2 |
---------------+-------+-----
Stealth        | 2 |  2.1
Conjurations   | 4 |  4.5
Spellcasting   | 2 |  2.1
Dodging        | |  1.9

Action                   || total
-------------------------++-------
Melee: Club              ||     6
       Unarmed           ||     1
       Spear             ||    23
 Cast: Magic Dart        ||    52
  Eat: Chunk             ||     1
Armor: Robe              ||     7
Dodge: Dodged            ||    24
